 Dungeon Crawl Stone Soup version 0.28-b1-25-g9875b3fc8c (webtiles) character file.

Game seed: 11903316678589131597

175 MisterFreud the Cudgeller (level 5, -4/75 HPs)
             Began as a Troll Berserker on Feb 1, 2022.
             Was a Believer of Trog.
             Slain by a steam dragon (5 damage)
             ... on level 3 of the Dungeon.
             The game lasted 00:03:20 (2334 turns).

MisterFreud the Cudgeller (Troll Berserker)         Turns: 2334, Time: 00:03:21

Health: -4/75      AC:  7    Str: 25    XL:     5   Next: 29%
Magic:  4/4        EV: 10    Int:  5    God:    Trog [**....]
Gold:   46         SH:  0    Dex:  9    Spells: 4/4 levels left

rFire   . . .      SeeInvis .   a - +0 mace
rCold   . . .      Faith    .   (no shield)
rNeg    . . .      Spirit   .   b - +0 animal skin
rPois   .          Reflect  .   (helmet restricted)
rElec   .          Harm     .   k - +2 cloak {rCorr}
rCorr   +          Rampage  .   (gloves unavailable)
Will    .....                   (boots unavailable)
Stlth   ..........              (no amulet)
HPRegen 1.02/turn               (no ring)
MPRegen 0.09/turn               (no ring)

@: berserking (expiring), very quick
A: large, unfitting armour, claws 3, regeneration 1, shaggy fur 1, tough skin 1
a: Renounce Religion, Berserk, Trog's Hand


You were on level 3 of the Dungeon.
You worshipped Trog.
Trog was pleased with you.
You visited 1 branch of the dungeon, and saw 3 of its levels.

You collected 46 gold pieces.

Inventory:

Hand Weapons
 a - a +0 mace (weapon)
Missiles
 e - 2 poisoned darts (quivered)
 l - 6 boomerangs
Armour
 b - a +0 animal skin (worn)
 k - a +2 cloak of preservation (worn)
Scrolls
 g - 4 scrolls of identify {unknown}
 i - a scroll of magic mapping {unknown}
 j - 2 scrolls of enchant armour {unknown}
Potions
 c - a potion of brilliance {unknown}
 d - a potion of degeneration {unknown}
 f - 2 potions of curing {unknown}
 h - a potion of resistance {unknown}
 m - a potion of might {unknown}


   Skills:
 - Level 2.4 Fighting
 + Level 5.5 Maces & Flails
 + Level 0.0 Throwing
 - Level 2.4 Dodging


You had 4 spell levels left.
You didn't know any spells.
Your spell library was empty.

Dungeon Overview and Level Annotations

Branches:
Dungeon (3/15)

Altars:
Wu Jian

Shops:
D:1 *!??[


Innate Abilities, Weirdness & Mutations

You are too large for most types of armour.
You have claws for hands.
Your natural rate of healing is unusually fast.
You are covered in fur. (AC +1)
You have tough skin. (AC +1)


Message History

The steam dragon breathes steam at you. The ball of steam hits you!
Throw: 4 darts (poison)
Press: ? - help, Q - select action, (/) - cycle Shift-Dir - straight line, f/p - steam dragon
Aim: a steam dragon (steam, 54% to hit)
You throw a poisoned dart.
The poisoned dart closely misses the steam dragon.
Unknown command.
Throw: 3 darts (poison)
Press: ? - help, Q - select action, (/) - cycle Shift-Dir - straight line, f/p - steam dragon
Aim: a steam dragon (steam, 54% to hit)
You throw a poisoned dart.
The poisoned dart barely misses the steam dragon.
The steam dragon breathes steam at you. The ball of steam hits you!!
A red film seems to cover your vision as you go berserk!
You feel yourself moving faster!
You feel mighty! The steam dragon bites you. The steam dragon claws you.
You barely miss the steam dragon. The steam dragon bites you.
* * * LOW HITPOINT WARNING * * *
The steam dragon closely misses you.
You closely miss the steam dragon. The steam dragon bites you.
* * * LOW HITPOINT WARNING * * *
The steam dragon misses you.
You barely miss the steam dragon. The steam dragon breathes steam at you.
The ball of steam hits you!
* * * LOW HITPOINT WARNING * * *
You sock the steam dragon!
The steam dragon is moderately wounded.
You are engulfed in a cloud of scalding steam.
* * * LOW HITPOINT WARNING * * *
You sock the steam dragon!
The steam dragon is heavily wounded.
You are engulfed in a cloud of scalding steam.
* * * LOW HITPOINT WARNING * * *
The steam dragon bites you.
* * * LOW HITPOINT WARNING * * *
The steam dragon claws you.
You die...

#.............#.#....# #
#.####........#.##.#.###
#<..##........#.##....†.
#.#.##.......>#.......##
#.#.##........#........#
#..................###.#
###.###########.##.# .#
#.###########. #.# .#
#..§§@D(....( #. .#
#..##.#.####. ## #..##.#
# #.....# ##.#### #.#
### #.. .. ### #. ####.


You could see a steam dragon (catching breath).

Vanquished Creatures
  Crazy Yiuf (D:2)
  Natasha (D:2)
  An orc wizard (D:3)
  A gnoll (D:1)
  An adder (D:2)
  A worm (D:2)
  3 dart slugs (D:1)
  5 orcs (D:3)
  5 endoplasms
  4 giant cockroaches
  5 goblins
  8 hobgoblins
  3 jackals (D:3)
  6 ball pythons
  5 bats
  A frilled lizard (D:2)
  6 kobolds
  5 rats
62 creatures vanquished.

Notes
Turn   | Place    | Note
-------+----------+-------------------------------------------
     0 | D:1      | MisterFreud the Troll Berserker began the quest for the
                  | Orb.
     0 | D:1      | Reached XP level 1. HP: 22/22 MP: 0/0
    29 | D:1      | Reached skill level 3 in Maces & Flails
    48 | D:1      | Found Houd's Magic Scroll Boutique.
    68 | D:1      | Found Vaefaisi's Distillery.
    87 | D:1      | Reached XP level 2. HP: 29/29 MP: 1/1
   137 | D:1      | Found Ange's Assorted Antiques.
   235 | D:1      | Found Osenu's Magic Scroll Shoppe.
   245 | D:1      | Reached XP level 3. HP: 32/36 MP: 2/2
   374 | D:1      | Reached skill level 4 in Maces & Flails
   601 | D:1      | Found Xoqus's Armour Boutique.
   767 | D:2      | Found a runed translucent door.
   768 | D:2      | Noticed Crazy Yiuf
   806 | D:2      | Reached ** piety under Trog
   827 | D:2      | Noticed Natasha
   840 | D:2      | Killed Natasha
   841 | D:2      | Reached XP level 4. HP: 42/44 MP: 3/3
  1718 | D:2      | Killed Crazy Yiuf
  1719 | D:2      | Reached skill level 5 in Maces & Flails
  1919 | D:3      | Found an ornate altar of the Wu Jian Council.
  1931 | D:3      | Found a faded altar of an unknown god.
  2132 | D:3      | Reached XP level 5. HP: 46/50 MP: 4/4
  2321 | D:3      | Noticed a steam dragon
  2334 | D:3      | HP: 1/75 [steam dragon (4)]
  2334 | D:3      | Slain by a steam dragon

Illustrated notes

Levels and vault maps discovered:
D:1:      elethiomel_arrival_quiet, layout_loops_cross, serial_shops,
          shop_fountains, shop, nicolae_shop_window_shopping,
          nicolae_shop_statue_plus, shop, minmay_pentomino_r4
D:2:      minmay_recursive_quarters, layout_basic, uniq_crazy_yiuf_cottage,
          uniq_natasha
D:3:      layout_loops_cross, mainiacjoe_overflow_alcove_4,
          hellmonk_ecumenical_altar_heavens_door

Skill      XL: |  1  2  3  4 |
---------------+-------------+-----
Maces & Flails | 3 4 5 |  5.5
Fighting       | |  2.4
Dodging        | |  2.4

Action                   |  1- 3 |  4- 6 || total
-------------------------+-------+-------++-------
Melee: Mace              |    87 |   120 ||   207
Throw: Dart              |       |     3 ||     3
Invok: Berserk           |     1 |     2 ||     3
Armor: Animal skin       |    32 |    51 ||    83
Dodge: Dodged            |    60 |    70 ||   130
